 Dungeon Crawl Stone Soup version 0.16-a0-286-g6bac339 (webtiles) character file.

161 Kashira the Gusty (level 5, -7/28 HPs)
             Began as a Tengu Air Elementalist on Aug 28, 2014.
             Mangled by an iguana (10 damage)
             ... on Level 4 of the Dungeon.
             The game lasted 00:11:39 (2027 turns).

Kashira the Gusty (Tengu Air Elementalist)          Turns: 2027, Time: 00:11:39

HP  -7/28        AC  2     Str  8      XL: 5   Next: 42%
MP   6/12        EV 13     Int 15      God:
Gold 164         SH  0     Dex 16      Spells:  3 memorised,  4 levels left

rFire  . . .     SeeInvis .     d - +0 dagger
rCold  . . .     Clarity  .     a - +0 robe
rNeg   . . .     rCorr    .     (no shield)
rPois  .         rRot     .     (helmet restricted)
rElec  .         Spirit   .     (no cloak)
SustAb .         Warding  .     (no gloves)
rMut   .         Stasis   .     (boots unavailable)
Gourm  .                        (no amulet)
MR     .....                    (no ring)
                                (no ring)

@: not resistant to hostile enchantments, unstealthy
A: able to fly, beak, talons 3
a: Fly


You were on level 4 of the Dungeon.
You were hungry.

You visited 1 branch of the dungeon, and saw 4 of its levels.

You collected 164 gold pieces.

Inventory:

Hand weapons
 d - a +0 dagger (weapon)
Missiles
 k - a throwing net (quivered)
Armour
 a - a +0 robe (worn)
Comestibles
 c - 4 bread rations
 j - a meat ration
Scrolls
 e - a scroll of enchant weapon {unknown}
 f - 2 scrolls of remove curse
 i - a scroll of magic mapping {unknown}
 l - 3 scrolls of identify {unknown}
 n - a scroll of immolation {unknown}
 r - a scroll of noise {unknown}
 s - a scroll of teleportation {unknown}
Potions
 h - a potion of mutation
 p - a potion of invisibility {unknown}
 q - a potion of haste {unknown}
Books
 b - a book of Air

   Spells                             Type                      Level
   *Shock                             Conjuration/Air              1
   *Swiftness                         Charms/Air                   2
   *Repel Missiles                    Charms/Air                   2
   Flight                             Charms/Air                   3
   Static Discharge                   Conjuration/Air              3
   Lightning Bolt                     Conjuration/Air              5
 g - a book of the Tempests

   Spells                             Type                      Level
   Static Discharge                   Conjuration/Air              3
   Lightning Bolt                     Conjuration/Air              5
   Fireball                           Conjuration/Fire             5
   Tornado                            Air                          9
   Shatter                            Earth                        9


   Skills:
 + Level 2.5 Dodging
 + Level 2.4 Stealth
 + Level 2.9 Spellcasting
 + Level 3.4 Conjurations
 + Level 5.8 Air Magic


You had 4 spell levels left.
You knew the following spells:

 Your Spells              Type           Power        Failure   Level  Hunger
a - Shock                 Conj/Air       ###.         3%          1    #......
b - Repel Missiles        Chrm/Air       ##....       12%         2    ##.....
c - Swiftness             Chrm/Air       ##......     12%         2    ##.....


Dungeon Overview and Level Annotations

Branches:
Dungeon (4/15)
 Temple: D:4-7

Altars:
Gozag

Annotations:
D:3 Terence


Innate Abilities, Weirdness & Mutations

You can fly.
You have a beak for a mouth.
You have claws for feet.


Message History

The zap misses the iguana.
The zap hits the orc.
You kill the orc!
The zap hits the orc priest.
The orc priest is moderately wounded.
The zap misses the orc priest.
The iguana closely misses you.
Casting: Shock
Confirm with . or Enter, or press ? or * to list all spells.
Aiming: Shock
Press: ? - help, Shift-Dir - straight line, f/p - iguana
Aim: an iguana The zap hits the iguana.
The iguana is lightly wounded.
The zap hits the orc priest.
The orc priest is heavily wounded.
The iguana bites you!
The orc priest invokes the aid of Beogh against you.
Something smites you!
* * * LOW HITPOINT WARNING * * *
The iguana bites you!
You die...

.
..
##.
...
#).
#[#
#o#
#l#
#@#
###


You could see an iguana and an orc priest.

Vanquished Creatures
  An ogre (D:3)
  2 adders
  A worm (D:2)
  5 giant geckos
  An ooze (D:2)
  2 orcs (D:4)
  6 goblins
  5 hobgoblins
  7 kobolds
  3 bats
  2 giant cockroaches (D:2)
  5 giant newts
  5 rats
45 creatures vanquished.

Notes
Turn   | Place    | Note
--------------------------------------------------------------
     0 | D:1      | Kashira, the Tengu Air Elementalist, began the quest for the Orb.
     0 | D:1      | Reached XP level 1. HP: 10/10 MP: 3/3
   205 | D:1      | Reached XP level 2. HP: 15/15 MP: 0/5
   211 | D:1      | Learned a level 2 spell: Repel Missiles
   214 | D:1      | Learned a level 2 spell: Swiftness
   720 | D:1      | Noticed a troll
   955 | D:2      | Reached XP level 3. HP: 19/19 MP: 3/7
  1376 | D:2      | Reached skill level 5 in Air Magic
  1377 | D:2      | Gained mutation: You can spit poison. [potion of mutation]
  1377 | D:2      | Gained mutation: Space occasionally distorts in your vicinity. [potion of mutation]
  1377 | D:2      | Gained mutation: Armour fits poorly on your strangely shaped body. [potion of mutation]
  1378 | D:2      | Lost mutation: Armour fits poorly on your strangely shaped body. [potion of cure mutation]
  1378 | D:2      | Lost mutation: You can spit poison. [potion of cure mutation]
  1378 | D:2      | Lost mutation: Space occasionally distorts in your vicinity. [potion of cure mutation]
  1446 | D:2      | Found an opulent altar of Gozag.
  1546 | D:2      | Reached XP level 4. HP: 18/24 MP: 1/9
  1849 | D:3      | Noticed an ogre
  1857 | D:3      | Killed an ogre
  1857 | D:3      | Reached XP level 5. HP: 28/28 MP: 2/12
  1937 | D:3      | Noticed Terence
  2027 | D:4      | Mangled by an iguana

Action                   |  1- 3 |  4- 6 || total
-------------------------+-------+-------++-------
Melee: Dagger            |    18 |     1 ||    19
Throw: Throwing net      |     1 |       ||     1
 Cast: Shock             |    85 |    30 ||   115
  Use: Potion            |     4 |     2 ||     6
       Scroll            |       |     2 ||     2
 Stab: Sleeping          |     2 |       ||     2
  Eat: Chunk             |     3 |     1 ||     4
